 Dungeon Crawl Stone Soup version 0.26-a0-284-g73c0fb6129 (webtiles) character file.

Game seed: 15891157969505698551

1278 Gargoyl the Schismatic (level 8, -6/59 HPs)
             Began as a Centaur Abyssal Knight on July 13, 2020.
             Was an Elder of Lugonu.
             Mangled by a wight
             ... wielding a +0 great sword
              (15 damage)
             ... on level 6 of the Dungeon.
             The game lasted 00:08:12 (7362 turns).

Gargoyl the Schismatic (Centaur Abyssal Knight)     Turns: 7362, Time: 00:08:12

Health: -6/59      AC:  7    Str: 21    XL:     8   Next: 29%
Magic:  11/11      EV:  7    Int: 11    God:    Lugonu [****..]
Gold:   220        SH:  4    Dex: 11    Spells: 7/7 levels left

rFire    . . .     SeeInvis .   m - +1 war axe
rCold    . . .     Faith    .   c - +1 buckler
rNeg     . . .     Spirit   .   g - +0 ring mail
rPois    +         Reflect  .   (helmet restricted)
rElec    .         Harm     .   q - scarf {+Inv}
rCorr    .         Rnd*Rage +   (no gloves)
MR       .....                  (no barding)
Stlth    ..........             (no amulet)
HPRegen  0.19/turn              t - +6 ring of strength
MPRegen  0.12/turn              p - ring of poison resistance

@: very heavily drained, very quick
A: large, antennae 1, hooves 3, molten scales 1, berserk 1, deformed body, speed
2, frail 1, tough skin 3
a: Depart the Abyss, Bend Space, Banish, Corrupt, Renounce Religion, Evoke
Invisibility


You were on level 6 of the Dungeon.
You worshipped Lugonu.
Lugonu was greatly pleased with you.
You visited 1 branch of the dungeon, and saw 6 of its levels.
You visited the Abyss 1 time.

You collected 220 gold pieces.

Inventory:

Hand Weapons
 a - a +1 hand axe
 m - a +1 war axe (weapon)
Armour
 c - a +1 buckler (worn)
 f - a +0 helmet
 g - a +0 ring mail (worn)
 q - a scarf of invisibility (worn)
 r - a +2 helmet
Jewellery
 h - an uncursed ring of see invisible
 l - an uncursed ring of flight
 p - a ring of poison resistance (right hand)
 t - a +6 ring of strength (left hand)
Wands
 b - a wand of flame (16)
 j - a wand of digging (4)
 s - a wand of random effects (6)
Scrolls
 d - 5 scrolls of teleportation
 i - 3 scrolls of identify
 u - a scroll of magic mapping
 y - a scroll of remove curse
 z - a scroll of enchant armour
Potions
 e - a potion of magic
 k - a potion of curing
 n - 2 potions of brilliance {unknown}
 v - 2 potions of might {unknown}
 w - a potion of haste {unknown}
 x - a potion of degeneration {unknown}


   Skills:
 + Level 4.1(1.2) Fighting
 + Level 4.7(1.8) Axes
 * Level 4.4(1.5) Armour
 + Level 1.8(0.0) Dodging
 * Level 2.4(0.0) Shields
 * Level 4.8(1.8) Invocations
 + Level 0.1(0.0) Evocations


You had 7 spell levels left.
You didn't know any spells.
Your spell library was empty.

Dungeon Overview and Level Annotations

Branches:
Dungeon (6/15)
 Temple: D:4-7

Altars:
Dithmenos
Elyvilon
Fedhas
Gozag
Nemelex Xobeh
Qazlal
Sif Muna
Uskayaw


Innate Abilities, Weirdness & Mutations

You have hooves in place of feet.
Armour fits poorly on your strangely shaped body.
You cover ground very quickly.
You have extremely tough skin. (AC +3)
You have a pair of small antennae on your head.
You are partially covered in molten scales. (AC +2)
You tend to lose your temper in combat.
You are frail. (-10% HP)


Message History

* * * LOW HITPOINT WARNING * * *
You feel drained.
* * * LOW HITPOINT WARNING * * *
You closely miss the wight. Your kick misses the wight.
The wight is moderately damaged.
The wight hits you with a +0 great sword!
* * * LOW HITPOINT WARNING * * *
You bump into the rock wall.
The wight barely misses you.
You feel less invigorated.
You feel less confused.
You hit the wight but do no damage.
The wight is moderately damaged.
The wight hits you with a +0 great sword.
* * * LOW HITPOINT WARNING * * *
You feel drained.
* * * LOW HITPOINT WARNING * * *
You slash the wight! Your kick misses the wight.
The wight is severely damaged.
The wight hits you with a +0 great sword!
You die...

#.#.##.....(...
#............#
#.##.#.###.###..#
#..........)....#
#.##.#####.###.## #
#.....)...).#
#.#####.###.#####.##
.......z........
#######@######## #.#
#.# ###


You could see a wight.

Vanquished Creatures
  Eustachio (D:5)
  2 ogres
  2 phantoms
  2 scorpions (D:4)
  3 wights (D:6)
  A howler monkey (D:4)
  A bullfrog zombie (D:4)
  A quasit (D:4)
  A hound (D:4)
  2 orc priests (D:4)
  2 orc wizards
  2 bullfrog skeletons (D:4)
  An iguana (D:5)
  A worker ant (D:4)
  A hound skeleton (D:4)
  Robin (D:2)
  9 adders
  A white imp (D:6)
  3 oozes
  2 adder skeletons (D:5)
  2 worms (D:2)
  A dart slug (D:2)
  5 leopard geckos
  9 orcs
  11 bats
  3 giant cockroaches
  21 goblins
  10 hobgoblins
  12 jackals
  8 kobolds
  2 quokkas
  10 frilled lizards
  A leopard gecko skeleton (D:5)
  A leopard gecko zombie (D:5)
  8 rats
143 creatures vanquished.

Notes
Turn   | Place    | Note
-------+----------+-------------------------------------------
     0 | Abyss:1  | Gargoyl the Centaur Abyssal Knight began the quest for the
                  | Orb.
     0 | Abyss:1  | Reached XP level 1. HP: 19/19 MP: 2/2
     7 | Abyss:2  | Noticed a large abomination
   106 | Abyss:2  | Noticed a large abomination
   124 | Abyss:2  | Noticed a shining eye
   128 | Abyss:2  | Noticed a large abomination
   132 | Abyss:2  | Noticed a starcursed mass
   146 | Abyss:3  | Noticed a worldbinder
   164 | Abyss:3  | Gained mutation: You tend to lose your temper in combat.
                  | [potion of mutation]
   164 | Abyss:3  | Gained mutation: You are partially covered in molten
                  | scales. (AC +2) [potion of mutation]
   164 | Abyss:3  | Gained mutation: You are frail. (-10% HP) [potion of
                  | mutation]
   164 | Abyss:3  | Gained mutation: You have a pair of small antennae on your
                  | head. [potion of mutation]
   167 | Abyss:3  | Noticed a smoke demon
   168 | D:1      | Escaped the Abyss
  1027 | D:1      | Reached * piety under Lugonu
  1027 | D:1      | Reached XP level 2. HP: 23/23 MP: 3/3
  1550 | D:1      | Reached XP level 3. HP: 27/27 MP: 4/4
  2215 | D:2      | Found a blossoming altar of Fedhas.
  2215 | D:2      | Found a stormy altar of Qazlal.
  2781 | D:2      | Reached XP level 4. HP: 34/34 MP: 5/5
  2784 | D:2      | Reached ** piety under Lugonu
  2848 | D:2      | Found a shadowy altar of Dithmenos.
  2861 | D:2      | Reached skill level 1 in Dodging
  3292 | D:2      | Reached skill level 1 in Shields
  3796 | D:2      | Found a shimmering blue altar of Sif Muna.
  3796 | D:2      | Noticed Robin
  3807 | D:2      | Reached XP level 5. HP: 40/40 MP: 7/7
  3813 | D:2      | Killed Robin
  4060 | D:3      | Found a white marble altar of Elyvilon.
  4171 | D:3      | Found a hide-covered altar of Uskayaw.
  4359 | D:3      | Reached *** piety under Lugonu
  4617 | D:3      | Found an opulent altar of Gozag.
  4618 | D:3      | Found a sparkling altar of Nemelex Xobeh.
  4912 | D:4      | Reached XP level 6. HP: 29/45 MP: 8/8
  5243 | D:4      | Reached XP level 7. HP: 13/52 MP: 9/9
  6051 | D:5      | Entered Level 5 of the Dungeon
  6255 | D:5      | Noticed Eustachio
  6276 | D:5      | Killed Eustachio
  6959 | D:6      | Reached XP level 8. HP: 43/59 MP: 11/11
  7186 | D:6      | Reached **** piety under Lugonu
  7362 | D:6      | Mangled by a wight

Illustrated notes

Levels and vault maps discovered:
D:1:      shiori_arrival_oz, layout_basic, kennysheep_minor_cross, minivault_25,
          minmay_split_cup_large
D:2:      layout_basic, grunt_temple_overflow_forces_of_nature,
          old_standard_altar, led_sif_pool, serial_glass, glass_columns_a,
          glass_columns_a, minmay_strange_pillars, feat_on_display, uniq_robin
D:3:      layout_loops_cross, eat_drink_and_be_merry_uskayaw, elyvilon_altar_3,
          grunt_temple_overflow_opulence
D:4:      layout_loops_ring
D:5:      layout_basic, uniq_eustachio
D:6:      layout_basic, uniq_prince_ribbit1

Skill      XL: |  1  2  3  4  5  6  7 |
---------------+----------------------+-----
Axes           | 2 3 4 |  4.7
Armour         | 2 3 4 |  4.4
Dodging        | 1 |  1.8
Shields        | 1 2 |  2.4
Invocations    | 3 4 |  4.8
Fighting       | 4 |  4.1
Evocations     | |  0.1

Action                   |  1- 3 |  4- 6 |  7- 9 || total
-------------------------+-------+-------+-------++-------
Melee: Hand axe          |   116 |   228 |    44 ||   388
       Kick              |    17 |    42 |    34 ||    93
       War axe           |       |       |    95 ||    95
Invok: Depart the Abyss  |     1 |       |       ||     1
Evoke: Wand              |       |       |     6 ||     6
  Use: Potion            |     2 |     4 |     2 ||     8
       Scroll            |     4 |     4 |     4 ||    12
Armor: Leather armour    |    21 |       |       ||    21
       Ring mail         |    49 |   137 |    51 ||   237
Dodge: Dodged            |    52 |   107 |    69 ||   228
Block: Buckler           |    19 |    36 |    27 ||    82

Table legend:
 A = Non-vault XP
 B = Vault XP
 C = Vault XP percentage of total XP
 D = Non-vault monster count
 E = Vault monster count
 F = Vault count percentage of total count
                 A         B        C        D         E       F
            +---------+---------+-------+---------+---------+-------
      Total |    1623 |     203 |  11.1 |     124 |      19 |  13.3
            +---------+---------+-------+---------+---------+-------
        D:1 |      44 |       8 |  15.4 |      26 |       5 |  16.1
        D:2 |     129 |      37 |  22.3 |      34 |      13 |  27.7
        D:3 |      62 |       0 |   0.0 |      15 |       0 |   0.0
        D:4 |     738 |       0 |   0.0 |      28 |       0 |   0.0
        D:5 |     229 |     158 |  40.8 |      15 |       1 |   6.2
        D:6 |     421 |       0 |   0.0 |       6 |       0 |   0.0
            +---------+---------+-------+---------+---------+-------
